 Dungeon Crawl Stone Soup version bcrawl-1.24 (webtiles) character file.

Game seed: 2588776035196119096

186 Freyura the Shield-Bearer (level 5, -5/33 HPs)
             Began as a Gargoyle Fighter on June 15, 2020.
             Slain by Grinder (7 damage)
             ... on level 3 of the Dungeon.
             The game lasted 00:05:25 (1735 turns).

Freyura the Shield-Bearer (Gargoyle Fighter)        Turns: 1735, Time: 00:05:26

Health: -5/33      AC: 13    Str: 25    XL:     5   Next: 65%
Magic:  0/5        EV:  6    Int:  8    God:
Gold:   113        SH: 10    Dex: 10    Spells: 4/4 levels left

rFire    . . .     SeeInvis .   a - +1 flail
rCold    . . .     Gourm    .   c - +0 medium shield
rNeg     + . .     Faith    .   b - +0 scale mail
rPois    ∞         Spirit   +   l - +1 helmet
rElec    +         Reflect  .   f - scarf {Spirit}
rCorr    .         Harm     .   (no gloves)
MR       .....                  (no boots)
Stlth    ..........             (no amulet)
HPRegen  0.11/turn              (no ring)
MPRegen  0.09/turn              (no ring)

@: mighty
A: negative energy resistance 1, electricity resistance, unbreathing,
petrification resistance, rot immunity, AC +4
a: no special abilities


You were on level 3 of the Dungeon.
You were not hungry.

You visited 1 branch of the dungeon, and saw 3 of its levels.

You collected 113 gold pieces.

Inventory:

Hand Weapons
 a - a +1 flail (weapon)
Armour
 b - a +0 scale mail (worn)
 c - a +0 medium shield (worn)
 f - a scarf of spirit shield (worn)
 l - a +1 helmet (worn)
Scrolls
 j - 2 scrolls of teleportation
Potions
 k - 3 potions of curing
 n - a potion of lignification
Comestibles
 e - 3 rations {!d}


   Skills:
 + Level 4.2 Fighting
 * Level 3.3 Maces & Flails
 + Level 4.0 Armour
 + Level 1.2 Dodging
 + Level 4.4 Shields


You had 4 spell levels left.
You didn't know any spells.
Your spell library was empty.

Dungeon Overview and Level Annotations

Branches:
Dungeon (3/12)

Altars:
Xom

Annotations:
D:3 Grinder


Innate Abilities, Weirdness & Mutations

You are resistant to torment.
Your stone body is resilient. (AC +4)
You are immune to poison.
You resist negative energy. (rN+)
You are resistant to electric shocks. (rElec)
You can survive without breathing.
You are immune to petrification.
You are immune to rotting.


Message History

The hobgoblin hits you but does no damage.
Grinder hits you!
* * * LOW HITPOINT WARNING * * *
You writhe in agony.
* * * LOW HITPOINT WARNING * * *
You block the adder's attack. x2; The hobgoblin closely misses you.
You block Grinder's attack. You block the adder's attack.
The adder bites you but does no damage.
You closely miss Grinder.
Grinder is lightly wounded.
You block the adder's attack. The adder bites you.
* * * LOW HITPOINT WARNING * * *
The hobgoblin barely misses you. Grinder hits you but does no damage.
You block the adder's attack.
You thump Grinder!
Grinder is heavily wounded.
You block the adder's attack.
The hobgoblin hits you but does no damage.
Grinder hits you!
You die...

##...§...
#........
#.......# #
#.......'
#.#.......#
#.#........
#.'........
#5S......
#@S......
#.g......
#........
#........
#.......^
#........
.........
.........


You could see Grinder, 2 adders and a hobgoblin.

Vanquished Creatures
  A big kobold (D:3)
  Crazy Yiuf (D:2)
  3 adders
  A worm (D:2)
  4 leopard geckos
  An orc (D:2)
  8 bats
  2 giant cockroaches
  9 goblins
  4 hobgoblins
  6 jackals
  A quokka (D:2)
  2 ball pythons (D:1)
  3 frilled lizards
  10 kobolds
  7 rats
63 creatures vanquished.

Notes
Turn   | Place    | Note
-------+----------+-------------------------------------------
     0 | D:1      | Freyura the Gargoyle Fighter began the quest for the Orb.
     0 | D:1      | Reached XP level 1. HP: 14/14 MP: 1/1
   247 | D:1      | Reached XP level 2. HP: 19/19 MP: 2/2
   546 | D:1      | Reached XP level 3. HP: 23/23 MP: 3/3
  1122 | D:2      | Found a shimmering altar of Xom.
  1122 | D:2      | Found a shimmering altar of Xom.
  1123 | D:2      | Found a shimmering altar of Xom.
  1132 | D:2      | Found a shimmering altar of Xom.
  1132 | D:2      | Found a shimmering altar of Xom.
  1276 | D:2      | Reached XP level 4. HP: 29/29 MP: 4/4
  1470 | D:2      | Found a runed door.
  1626 | D:2      | Noticed Crazy Yiuf
  1632 | D:2      | Killed Crazy Yiuf
  1705 | D:3      | Noticed a big kobold
  1716 | D:3      | Noticed Grinder
  1720 | D:3      | Killed a big kobold
  1720 | D:3      | Reached skill level 1 in Dodging
  1720 | D:3      | Reached XP level 5. HP: 22/33 MP: 2/5
  1735 | D:3      | Slain by Grinder

Skill      XL: |  1  2  3  4  5 |
---------------+----------------+-----
Shields        | 4 |  4.4
Fighting       | 4 |  4.2
Maces & Flails | 3 |  3.3
Dodging        | 1 |  1.2
Armour         | 4 |  4.0

Action                   |  1- 3 |  4- 6 || total
-------------------------+-------+-------++-------
Melee: Flail             |   181 |    55 ||   236
  Use: Scroll            |     1 |     7 ||     8
       Potion            |       |     1 ||     1
 Stab: Invisible         |       |     1 ||     1
  Eat: Chunk             |     2 |     1 ||     3
Armor: Scale mail        |   164 |   115 ||   279
Dodge: Dodged            |    56 |    34 ||    90
Block: Medium shield     |   120 |    91 ||   211
